 Dungeon Crawl Stone Soup version 0.30-a0-137-gd8773701ce (webtiles) character file.

Game seed: 3802575989403430340

172 gMajorSevenFlatFive the Cutter (level 5, 0/32 HPs)
             Began as a Kobold Fighter on Sept 24, 2022.
             Slain by an orc
             ... wielding a +0 hand axe
              (2 damage)
             ... on level 4 of the Dungeon.
             The game lasted 00:05:08 (4575 turns).

gMajorSevenFlatFive the Cutter (Kobold Fighter)     Turns: 4575, Time: 00:05:09

Health: 0/32       AC:  7    Str: 13    XL:     5   Next: 83%
Magic:  5/5        EV: 11    Int: 10    God:
Gold:   94         SH:  5    Dex: 16    Spells: 4/4 levels left

rFire   + + .      SeeInvis .    v - +4 rapier (venom)
rCold   + + .      Faith    .    c - +0 buckler
rNeg    . . .      Spirit   .    t - +0 ring mail
rPois   +          Reflect  .    (no helmet)
rElec   +          Harm     .    k - +0 cloak
rCorr   +          Rampage  .    (no gloves)
Will    .....                    z - +0 pair of boots
Stlth   ++........               (no amulet)
HPRegen 0.10/turn                i - ring of protection from fire
MPRegen 0.09/turn                o - ring of protection from cold

@: resistant
A: small, no large weapons, nightstalker 3
a: no special abilities


You were on level 4 of the Dungeon.
You visited 1 branch of the dungeon, and saw 4 of its levels.

You collected 220 gold pieces.
You spent 126 gold pieces at shops.

Inventory:

Hand Weapons
 a - a +0 rapier
 v - a +4 rapier of venom (weapon)
Missiles
 y - 3 curare-tipped darts (quivered)
Armour
 b - a +0 scale mail
 c - a +0 buckler (worn)
 k - a +0 cloak (worn)
 t - a +0 ring mail (worn)
 z - a +0 pair of boots (worn)
Jewellery
 i - a ring of protection from fire (left hand)
 o - a ring of protection from cold (right hand)
 x - a ring of protection from cold
Wands
 q - a wand of paralysis (9)
Scrolls
 e - 4 scrolls of identify {unknown}
 f - 2 scrolls of silence {unknown}
 g - 3 scrolls of poison {unknown}
 j - 2 scrolls of enchant weapon {unknown}
 n - a scroll of vulnerability {unknown}
 p - a scroll of immolation {unknown}
 r - 4 scrolls of blinking {unknown}
 w - 5 scrolls of teleportation {unknown}
Potions
 d - a potion of might
 h - a potion of invisibility {unknown}
 l - a potion of mutation {unknown}
 m - a potion of resistance
 s - a potion of brilliance {unknown}
 u - a potion of magic {unknown}
 A - a potion of flight {unknown}


   Skills:
 - Level 3.2 Fighting
 * Level 7.4 Short Blades
 - Level 2.4 Armour
 - Level 2.4 Shields


You had 4 spell levels left.
You didn't know any spells.
Your spell library contained the following spells:

 Spells                   Type           Power      Damage    Failure   Level
 Static Discharge         Conj/Air       0%         2-2/arc   88%         2
 Arcjolt                  Conj/Air       0%         1d10      100%        5
 Lightning Bolt           Conj/Air       0%         1d11      100%        5
 Maxwell's Capacitive Co  Air            0%         ∞         100%        8


Dungeon Overview and Level Annotations

Branches:
Dungeon (4/15)
 Temple: D:4-7

Altars:

Shops:
D:1 *(([(


Innate Abilities, Weirdness & Mutations

You are small and have problems with some larger weapons.
You are completely attuned to the shadows.


Message History

The orc completely misses you.
You completely miss the orc priest.
The orc priest hits you with a +0 short sword.
The orc hits you with a +0 club. The orc closely misses you.
You block the orc's attack.
You barely miss the orc priest. The orc priest completely misses you.
You block the orc's attack. The orc barely misses you.
The orc hits you with a +0 hand axe.
You closely miss the orc priest.
The orc priest hits you with a +0 short sword.
The orc hits you but does no damage. The orc hits you with a +0 dagger.
You block the orc's attack.
You hit the orc priest but do no damage.
The orc priest is poisoned.
The orc priest completely misses you. The orc hits you with a +0 club.
The orc hits you with a +0 dagger. The orc closely misses you.
You hit the orc priest but do no damage.
The orc priest hits you with a +0 short sword.
The orc hits you with a +0 club. You block the orc's attack.
The orc barely misses you.
You closely miss the orc priest. The orc priest closely misses you.
The orc misses you. You block the orc's attack. x2
You hit the orc priest but do no damage.
The orc priest looks as sick as possible!
The orc priest is lightly wounded.
The orc priest closely misses you. The orc hits you but does no damage.
The orc barely misses you. The orc hits you with a +0 hand axe.
* * * LOW HITPOINT WARNING * * *
You completely miss the orc priest.
The orc priest is moderately wounded.
The orc priest closely misses you. The orc hits you with a +0 club.
* * * LOW HITPOINT WARNING * * *
The orc closely misses you. The orc hits you with a +0 hand axe.
* * * LOW HITPOINT WARNING * * *
It was a potion of resistance.
You feel protected.
The orc priest hits you but does no damage.
The orc hits you but does no damage. The orc barely misses you.
The orc hits you with a +0 hand axe.
You die...

#.#########.#.#####
#.#########.#.##...
##..................
#.....###.##.#.##.#.
#......##.####.##.#.
#.......#....#....#.
#.......####.#....#.
#.......# #.#....#.
#.o@)...####.#....#.
...ooo......#.#....##
......<.###.#.##...##
..............#.††..#
....#+#.....###....##
#.....# #....##
#.##..#####..##
#.###..........
#..............


You could see an orc priest (extremely poisoned) and 3 orcs.

Vanquished Creatures
  An orc priest (D:4)
  An orc wizard (D:4)
  4 adders
  An ufetubus (D:3)
  2 worms
  4 dart slugs
  9 orcs
  4 ball pythons
  3 endoplasms (D:2)
  2 giant cockroaches
  4 goblins
  5 hobgoblins
  2 jackals (D:2)
  A quokka (D:2)
  5 bats
  3 frilled lizards
  2 kobolds (D:1)
  6 rats
59 creatures vanquished.

Notes
Turn   | Place    | Note
-------+----------+-------------------------------------------
     0 | D:1      | gMajorSevenFlatFive the Kobold Fighter began the quest for
                  | the Orb.
     0 | D:1      | Reached XP level 1. HP: 14/14 MP: 1/1
    38 | D:1      | Reached skill level 3 in Short Blades
   387 | D:1      | Reached XP level 2. HP: 19/19 MP: 2/2
   405 | D:1      | Found Duczelac's Antique Armour Shop.
   470 | D:1      | Found Sessumos's Antique Weapon Boutique.
   587 | D:1      | Found Qicy's Weapon Shoppe.
   686 | D:1      | Reached skill level 4 in Short Blades
   703 | D:1      | Found Satzofust's Antique Weapon Emporium.
   855 | D:1      | Found a faded altar of an unknown god.
   875 | D:1      | Found Saocku's General Store.
  1198 | D:2      | Reached XP level 3. HP: 12/23 MP: 3/3
  1528 | D:2      | Reached skill level 5 in Short Blades
  1822 | D:2      | Reached XP level 4. HP: 26/28 MP: 4/4
  2674 | D:1      | Bought a glowing rapier for 126 gold pieces
  3108 | D:3      | Reached skill level 6 in Short Blades
  3932 | D:4      | Reached XP level 5. HP: 28/32 MP: 5/5
  4184 | D:4      | Reached skill level 7 in Short Blades
  4575 | D:4      | Slain by an orc

Illustrated notes

Levels and vault maps discovered:
D:1:      dpeg_arrival_radiant, layout_loops_ring, serial_shops, shop,
          nicolae_shop_crystal, nicolae_shop_competitors_out_of_business, shop,
          nicolae_shop_behind_doors, ebering_ecumenical_altar_hall
D:2:      layout_loops_ring, serial_forest, infiniplex_forest_end_3,
          infiniplex_forest_lined_ring, infiniplex_forest_lined_corner,
          infiniplex_forest_end_3, infiniplex_forest_zigzag_1,
          infiniplex_forest_lined_2, infiniplex_forest_straight_2,
          infiniplex_forest_lined_room_3, infiniplex_forest_straight_2,
          nrook_uturn
D:3:      layout_basic
D:4:      layout_basic

Skill      XL: |  1  2  3  4  5 |
---------------+----------------+-----
Short Blades   | 3 4 5 6 7 |  7.4
Fighting       | |  3.2
Armour         | |  2.4
Shields        | |  2.4

Action                   |  1- 3 |  4- 6 || total
-------------------------+-------+-------++-------
Melee: Rapier            |    89 |    89 ||   178
  Use: Potion            |       |     1 ||     1
 Stab: Sleeping          |     3 |     5 ||     8
Armor: Scale mail        |    36 |    10 ||    46
       Ring mail         |       |    22 ||    22
Dodge: Dodged            |    37 |    40 ||    77
Block: Buckler           |     4 |    19 ||    23

Table legend: (Time is in decaauts)
 A = Elapsed time spent in this place.
 B = Non-inter-level travel time spent in this place.
 C = Inter-level travel time spent in this place.
 D = Time resting spent in this place.
 E = Time spent auto-exploring this place.
 F = Levels seen in this place.
 G = Mean time per level.
                   A        B        C        D        E       F      G
               +--------+--------+--------+--------+--------+-----+--------+
         Total |   4571 |   4352 |    219 |    817 |   3137 |   4 | 1142.8 |
       Dungeon |   4571 |   4352 |    219 |    817 |   3137 |   4 | 1142.8 |
               +--------+--------+--------+--------+--------+-----+--------+

Top non-repeatable levels by time:
     D:2: 1663 daAuts
     D:4: 1349 daAuts
     D:1: 1257 daAuts
     D:3: 300 daAuts
